AoeStats
← Tetsu.Japan

Black Forest

509139946Analyzed
4v4 RM · 7d ago on Sep 25, 2026· 52m 20s· 8 players
Game mode
Random Map
Map size
Large (8 player)
Population
200
Speed
Normal
Resources
Standard
Victory
Conquest
Starting age
Dark Age
Ending age
Imperial Age
RankedLock teamsTeams togetherTeam positionsShared explorationLock speedFull tech treeHidden civsTurbo modeCheats
Victory
Defeat
🇮🇹 Persians · Italy
1565
+13
🇪🇪 Celts · Estonia
1560
+13
🇪🇸 Vietnamese · Spain
1548
+14
🇨🇦 Malians · Canada
1546
+14
🇯🇵 Portuguese · Japan
1594
-16
🇹🇼 Mongols · Taiwan
1563
-16
🇯🇵 Bohemians · Japan
1546
-15
🇯🇵 Persians · Japan
1316
-7
Billy Bathgate
2:40 Loom
10:38 Feudal Age
14:21 Castle Age
15:13 Double-Bit Axe
15:20 Horse Collar
22:22 Arson
27:12 Imperial Age
25:13 Forging
25:35 Scale Mail Armor
28:56 Iron Casting
28:36 Chain Mail Armor
30:49 Wheelbarrow
30:00 Town Watch
32:04 Conscription
33:47 Squires
34:05 Bow Saw
35:09 Plate Mail Armor
36:10 Gold Mining
36:39 Elite Gbeto
37:46 Caravan
39:06 Fletching
41:13 Bodkin Arrow
44:25 Hand Cart
47:43 Gold Shaft Mining
51:34 Tigui
King of Puchi
2:38 Loom
14:46 Feudal Age
15:39 Double-Bit Axe
15:37 Horse Collar
19:15 Wheelbarrow
23:00 Castle Age
21:35 Gold Mining
21:37 Stone Mining
23:31 Fletching
24:15 Bow Saw
24:10 Heavy Plow
23:44 Crossbowman
26:15 Bodkin Arrow
27:20 Town Watch
27:50 Hand Cart
30:52 Scale Mail Armor
36:42 Imperial Age
34:53 Padded Archer Armor
36:16 Ballistics
36:06 Thumb Ring
36:29 Masonry
37:05 Leather Archer Armor
37:31 Bracer
37:30 Elite Rattan Archer
39:39 Leather Archer Armor
40:26 Chemistry
39:32 Siege Engineers
40:30 Paper Money
41:58 Hoardings
42:55 Ring Archer Armor
42:07 Treadmill Crane
45:13 Two-Man Saw
44:51 Stone Shaft Mining
44:49 Crop Rotation
46:11 Sappers
48:26 Murder Holes
48:42 Fortified Wall
48:41 Town Patrol
Supersonic Rocketship
8:27 Loom
10:22 Feudal Age
11:00 Double-Bit Axe
16:12 Castle Age
14:25 Horse Collar
17:03 Loom
19:22 Heavy Plow
19:40 Bow Saw
21:11 Wheelbarrow
23:07 Town Watch
26:44 Hand Cart
30:33 Imperial Age
27:24 Pikeman
29:03 Scale Mail Armor
30:12 Chain Mail Armor
30:36 Forging
30:43 Fletching
30:45 Halberdier
31:56 Plate Mail Armor
31:12 Capped Ram
32:57 Siege Ram
33:52 Masonry
34:21 Conscription
34:08 Bodkin Arrow
34:33 Caravan
34:41 Gold Mining
34:42 Stone Mining
36:47 Onager
38:42 Iron Casting
39:04 Furor Celtica
38:47 Stronghold
40:50 Siege Onager
45:06 Chemistry
50:14 Hoardings
49:55 Siege Engineers
50:31 Guilds
50:52 Coinage
Zoccolo Fitusu
7:31 Loom
10:09 Feudal Age
11:24 Double-Bit Axe
11:20 Horse Collar
11:24 Fishing Lines
14:21 Wheelbarrow
17:20 Castle Age
18:23 Bow Saw
20:57 Gillnets
21:18 Gold Mining
21:20 Stone Mining
23:19 Horse Collar
24:00 Hand Cart
25:05 Heavy Plow
29:40 Imperial Age
27:43 Husbandry
27:54 Bloodlines
28:31 Scale Barding Armor
28:37 Forging
29:44 Chain Barding Armor
29:26 Cavalier
30:42 Iron Casting
31:19 Caravan
31:03 Savar
32:30 Conscription
32:56 Plate Barding Armor
33:44 Two-Man Saw
33:15 Crop Rotation
35:25 Blast Furnace
34:45 Onager
38:36 Scale Mail Armor
38:26 Fletching
38:37 Padded Archer Armor
39:38 Chemistry
38:59 Ballistics
41:06 Coinage
Tetsu.Japan
10:06 Feudal Age
8:52 Loom
11:23 Double-Bit Axe
18:08 Castle Age
19:18 Bow Saw
18:50 Horse Collar
19:33 Scale Barding Armor
19:57 Heavy Plow
22:34 Stone Mining
27:47 Wheelbarrow
27:18 Town Watch
28:49 Bloodlines
33:44 Imperial Age
32:08 Hand Cart
32:27 Husbandry
33:14 Chain Barding Armor
34:09 Forging
34:08 Squires
33:35 Elite Skirmisher
33:43 Cavalier
35:31 Two-Man Saw
35:03 Crop Rotation
35:11 Plate Barding Armor
34:32 Capped Ram
36:06 Fletching
36:17 Gold Mining
38:31 Savar
40:23 Chemistry
39:34 Masonry
39:04 Pikeman
39:47 Padded Archer Armor
39:43 Bodkin Arrow
40:06 Murder Holes
40:37 Halberdier
42:00 Conscription
42:00 Leather Archer Armor
43:20 Architecture
43:10 Ballistics
45:09 Ring Archer Armor
45:48 Iron Casting
47:17 Conscription
52:51 Hoardings
happikon.6139
0:35 Loom
16:47 Feudal Age
17:23 Horse Collar
17:29 Double-Bit Axe
24:40 Castle Age
26:09 Wheelbarrow
28:43 Town Watch
36:22 Gold Mining
40:54 Imperial Age
39:16 Stone Mining
44:42 Imperial Age
46:22 Chemistry
46:54 Caravan
48:40 Bow Saw
yu_k1
1:29 Loom
11:44 Feudal Age
15:37 Castle Age
15:07 Double-Bit Axe
16:39 Bow Saw
19:57 Wheelbarrow
20:16 Fishing Lines
20:54 Fletching
26:00 Gillnets
29:03 Imperial Age
27:15 Bodkin Arrow
28:15 Wagenburg Tactics
29:54 Chemistry
29:49 Bracer
30:55 Siege Engineers
32:58 Houfnice
33:55 Hussite Reforms
34:06 Pikeman
35:18 Sanctity
35:25 Illumination
35:16 Block Printing
35:11 Fervor
36:27 Bombard Tower
36:27 Ballistics
37:07 Theocracy
36:14 Elite Hussite Wagon
38:43 Scale Mail Armor
44:37 Halberdier
45:34 Chain Mail Armor
47:02 Conscription
52:00 Plate Mail Armor
51:42 Caravan
sci621
0:45 Loom
11:26 Feudal Age
13:34 Town Watch
15:59 Castle Age
14:47 Fishing Lines
16:39 Double-Bit Axe
17:36 Bow Saw
17:54 Gillnets
24:05 Wheelbarrow
23:57 Gold Mining
23:57 Stone Mining
29:45 Imperial Age
27:55 Fletching
28:25 Padded Archer Armor
29:31 Stone Shaft Mining
29:32 Gold Shaft Mining
29:04 Bodkin Arrow
29:24 Leather Archer Armor
30:14 Leather Archer Armor
30:24 Fortified Wall
30:48 Masonry
30:43 Bracer
31:06 Ballistics
31:15 Conscription
32:41 Bloodlines
32:31 Husbandry
34:05 Caravan
34:52 Thumb Ring
35:12 Parthian Tactics
36:41 Onager
38:39 Hand Cart
40:33 Chemistry
39:14 Elite Mangudai
41:58 Drill
46:26 Hoardings
48:17 Coinage
Connection lost

Rejoining the realm…

Still unreachable

The connection could not be restored.

Session expired

The server has moved on; the page needs a fresh start.